Map: New Repugnancy LE

Players

DieZaCRo

  • Race: Zerg Zerg
  • League: Master
  • Spawn Location: 7:00

blitzkrieg - Winner!

  • Race: Protoss Protoss
  • League: Master
  • Spawn Location: 1:00

VOD

Have the link to the VOD?

Description

Time

  • Played on: May 14, 2019, 11:51 a.m.
  • Length: 16:48
Show
View Real Time Build Order
Export as new Build Order

DieZaCRo Zerg 

Build Orders: Hatch First 

Get SALT Encoding   

  12  0:01  Drone  
  13  0:12  Overlord  
  13  0:17  Drone  
  14  0:30  Drone x2  
  14  0:35  Drone  
  17  0:52  Hatchery  
  17  0:55  Drone  
  17  0:58  Drone  
  18  1:09  Extractor  
  17  1:13  Spawning Pool  
  17  1:16  Drone  
  17  1:22  Drone  
  18  1:37  Drone  
  19  1:40  Drone  
  19  1:58  Hatchery  
  19  2:01  Drone x2  
  21  2:12  Hatchery, Zergling x2  
  21  2:25  Queen, Spine Crawler  
  22  2:42  Metabolic Boost  
  21  2:44  Overlord  
  21  3:01  Drone, Roach Warren  
  21  3:02  Queen  
  23  3:06  Drone  
  23  3:11  Drone  
  25  3:16  Drone  
  26  3:23  Drone  
  26  3:24  Drone  
  28  3:30  Drone  
  28  3:35  Zergling x2  
  28  3:38  Spine Crawler  
  27  3:45  Spine Crawler  
  27  3:46  Drone  
  27  3:54  Roach  
  31  3:55  Roach  
  31  3:59  Roach  
  33  4:07  Overlord  
  33  4:17  Overlord  
  33  4:19  Extractor  
  33  4:23  Drone  
  33  4:24  Overlord  
  33  4:29  Ravager  
  33  4:30  Ravager  
  35  4:40  Drone x3  
  35  4:41  Drone x3  
  41  4:47  Ravager  
  41  4:52  Zergling x6  
  45  4:55  Zergling x2  
  46  5:05  Overlord  
  46  5:07  Roach  
  47  5:12  Zergling x2  
  48  5:16  Zergling x6  
  48  5:21  Roach  
  53  5:30  Overlord  
  53  5:32  Zergling x2  
  53  5:34  Zergling x2  
  54  5:44  Ravager  
  54  5:45  Ravager  
  54  5:46  Roach x2  
  54  5:47  Roach x2  
  60  6:08  Zergling x16  
  56  6:22  Roach  
  56  6:23  Roach x3  
  49  6:36  Roach x3  
  47  6:45  Roach x2  
  47  6:46  Roach  
  53  6:50  Ravager  
  53  6:53  Queen  
  52  6:55  Roach  
  54  7:03  Roach x2  
  54  7:06  Zergling x2  
  57  7:15  Ravager  
  58  7:16  Zergling x8  
  58  7:22  Zergling x2  
  63  7:28  Zergling x6  
  61  7:39  Zergling x6  
  59  7:56  Zergling x2  
  59  7:57  Queen, Zergling x8  
  64  8:04  Queen  
  65  8:09  Ravager x4  
  67  8:20  Overlord x2  
  67  8:32  Overlord x2  
  66  8:40  Zergling x8  
  67  8:48  Zergling x2  
  54  8:59  Zergling x4  
  49  9:05  Zergling x4  
  51  9:13  Roach  
  51  9:15  Roach  
  55  9:27  Zergling x4  
  55  9:33  Roach x3  
  55  9:36  Ravager  
  62  9:41  Zergling x6  
  64  9:47  Zergling x4  
  63  9:56  Zergling x2  
  63  9:57  Zergling x2  
  63  10:02  Zergling x2  
  63  10:03  Zergling x4  
  66  10:09  Zergling x2  
  66  10:10  Zergling x2  
  68  10:15  Zergling x2  
  68  10:16  Zergling x2  
  70  10:25  Zergling x2  
  70  10:26  Zergling x4  
  73  10:30  Zergling x4  
  72  10:36  Zergling x2  
  72  10:37  Zergling x2  
  74  10:43  Zergling x4  
  74  10:49  Zergling x4  
  78  10:57  Zergling x2  
  78  10:58  Zergling x4  
  78  11:01  Zergling x2  
  82  11:05  Zergling x2  
  81  11:15  Zergling x4  
  81  11:16  Zergling x4  
  67  11:24  Zergling x4  
  67  11:33  Zergling x2  
  67  11:34  Zergling x2  
  67  11:39  Zergling x6  
  68  11:46  Zergling x4  
  64  11:47  Zergling x2  
  64  11:52  Zergling x2  
  64  11:53  Zergling x2  
  61  12:03  Zergling x4  
  61  12:07  Zergling x4  
  54  12:12  Zergling x4  
  56  12:17  Zergling x2  
  56  12:18  Zergling x2  
  58  12:27  Zergling x2  
  58  12:28  Zergling x2  
  51  12:37  Zergling x2  
  51  12:38  Zergling x4  
  51  12:44  Zergling x2  
  49  12:49  Queen  
  49  12:50  Zergling x2  
  52  12:52  Zergling x2  
  53  12:59  Zergling x4  
  50  13:10  Zergling x8  
  52  13:15  Zergling x2  
  53  13:22  Zergling x2  
  50  13:30  Zergling x2  
  50  13:32  Queen  
  52  13:41  Zergling x4  
  47  14:03  Drone x2  
  47  14:05  Spawning Pool  
  47  14:07  Drone x2  
  47  14:08  Drone  
  51  14:11  Drone x2  
  51  14:46  Hatchery  
  50  14:59  Queen, Zergling x12  
  56  15:03  Extractor  
  56  15:04  Extractor  
  56  15:14  Roach Warren  
  49  15:22  Zergling x6  
  49  15:27  Drone  
  49  15:28  Drone  
  51  15:37  Queen  
  44  15:50  Zergling x6  
  44  15:56  Roach  
  49  16:01  Zergling x2  
  49  16:03  Zergling x2  
  47  16:12  Zergling x4  
  49  16:19  Roach  
  49  16:20  Ravager  
  49  16:23  Roach  
Show
View Real Time Build Order
Export as new Build Order

blitzkrieg Protoss - Winner!

Build Orders:  

Get SALT Encoding   

  12  0:00  Probe  
  13  0:13  Probe  
  14  0:20  Pylon  
  14  0:25  Probe  
  15  0:38  Probe  
  15  0:40  Forge  
  16  1:00  Pylon  
  16  1:01  Pylon  
  16  1:04  Pylon  
  16  1:20  Photon Cannon  
  16  1:22  Probe  
  16  1:23  Gateway  
  17  1:42  Photon Cannon, Assimilator  
  17  1:55  Probe  
  17  1:58  Assimilator  
  18  2:07  Probe  
  19  2:19  Probe  
  20  2:23  Cybernetics Core  
  20  2:31  Probe, Assimilator  
  21  2:43  Probe  
  22  2:48  Photon Cannon  
  22  2:55  Probe, Photon Cannon  
  22  2:56  Stalker  
  23  3:07  Probe  
  23  3:12  Shield Battery  
  26  3:16  Warp Gate, Pylon  
  26  3:19  Probe  
  27  3:26  Adept  
  29  3:47  Photon Cannon  
  29  3:49  Shield Battery  
  29  3:56  Stalker  
  29  3:59  Robotics Facility  
  31  4:12  Photon Cannon  
  31  4:26  Stalker  
  31  4:29  Shield Battery  
  33  4:39  Immortal  
  33  4:44  Pylon  
  37  4:56  Stalker  
  39  5:03  Photon Cannon  
  39  5:21  Pylon  
  39  5:29  Immortal  
  43  5:44  Gateway  
  43  5:46  Shield Battery  
  43  5:48  Pylon  
  43  5:54  Stalker  
  34  6:19  Immortal  
  36  6:49  Stalker  
  36  6:50  Stalker  
  40  6:58  Warp Prism  
  42  7:13  Stalker x2  
  46  7:17  Shield Battery  
  46  7:39  Stalker x2  
  48  8:03  Immortal  
  48  8:04  Stalker x2  
  56  8:32  Stalker x2  
  60  8:41  Photon Cannon  
  60  8:44  Shield Battery  
  61  9:03  Stalker  
  63  9:21  Pylon  
  59  9:34  Robotics Bay  
  59  9:42  Stalker x2  
  59  9:44  Immortal  
  65  10:05  Pylon  
  65  10:07  Stalker  
  65  10:12  Colossus  
  73  10:43  Pylon  
  73  10:50  Colossus  
  69  11:22  Stalker  
  71  11:32  Stalker  
  67  11:52  Stalker  
  69  11:56  Stalker  
  61  12:16  Stalker  
  63  12:29  Stalker  
  61  12:48  Stalker  
  59  13:10  Stalker  
  61  13:29  Stalker  
  59  13:43  Stalker  
  55  13:58  Disruptor  
  55  14:06  Stalker  
  60  14:43  Disruptor  
  63  15:24  Stalker  
Tags
 
Add a new tag
Caveats
  • Supply blocks, unpowered buildings, or Contaminate may cause inaccurate times.
  • Supply counts are checked every 10 seconds.